AoeStats
← < blank >

Black Forest

510211366Analyzed
2v2 RM · 15h ago on Sep 30, 2026· 109m 9s· 4 players
Game mode
Random Map
Map size
Medium (4 player)
Population
200
Speed
Normal
Resources
Standard
Victory
Conquest
Starting age
Dark Age
Ending age
Imperial Age
RankedLock teamsTeams togetherTeam positionsShared explorationLock speedFull tech treeHidden civsTurbo modeCheats
Victory
Defeat
🇮🇱 Lithuanians · Israel
819
+11
🇮🇱 Magyars · Israel
751
+14
🇧🇷 Persians · Brazil
731
-13
🇩🇴 Khmer · Dominican Republic
697
-12
SharkScooper
0:38 Loom
13:56 Feudal Age
14:37 Double-Bit Axe
14:36 Horse Collar
15:34 Wheelbarrow
17:43 Fishing Lines
20:52 Castle Age
19:49 Stone Mining
19:57 Town Watch
20:12 Gold Mining
21:45 Bow Saw
21:43 Heavy Plow
21:41 Gillnets
24:07 Gold Shaft Mining
24:18 Stone Shaft Mining
25:10 Caravan
29:29 Hand Cart
32:17 Imperial Age
29:54 Town Patrol
30:22 Husbandry
30:33 Bloodlines
29:44 Light Cavalry
30:26 Squires
31:38 Ballistics
31:13 Murder Holes
31:29 Masonry
31:17 Fletching
31:37 Forging
31:28 Scale Mail Armor
31:29 Padded Archer Armor
31:51 Fervor
31:45 Crossbowman
32:31 Thumb Ring
33:39 Crop Rotation
37:22 Chemistry
36:53 Architecture
35:52 Cavalier
36:45 Citadels
36:56 Conscription
37:03 Bodkin Arrow
37:17 Scale Barding Armor
37:30 Chain Mail Armor
38:33 Leather Archer Armor
38:54 Iron Casting
38:36 Kamandaran
39:29 Chain Barding Armor
40:11 Savar
40:16 Pikeman
40:42 Arson
42:21 Ring Archer Armor
42:52 Blast Furnace
42:39 Plate Mail Armor
43:53 Plate Barding Armor
43:37 Guilds
43:56 Sappers
45:14 Hoardings
44:09 Halberdier
46:59 Coinage
46:53 Elite War Elephant
63:20 Block Printing
72:35 Banking
103:40 Herbal Medicine
104:20 Theocracy
jorgerizek
0:33 Loom
15:17 Feudal Age
16:17 Horse Collar
16:26 Double-Bit Axe
18:03 Wheelbarrow
23:59 Castle Age
22:28 Gold Mining
23:08 Stone Mining
24:21 Padded Archer Armor
24:42 Heavy Plow
28:19 Crossbowman
30:46 Tusk Swords
34:52 Murder Holes
38:21 Imperial Age
35:35 Pikeman
37:04 Leather Archer Armor
36:41 Fletching
37:38 Forging
38:41 Masonry
38:59 Bodkin Arrow
39:19 Town Watch
39:46 Bow Saw
42:42 Chemistry
43:32 Conscription
43:28 Halberdier
44:42 Ballistics
45:06 Fortified Wall
46:06 Iron Casting
45:31 Scale Mail Armor
54:31 Chain Mail Armor
56:25 Stone Shaft Mining
56:25 Gold Shaft Mining
64:19 Ring Archer Armor
66:43 Double Crossbow
70:40 Arbalester
72:05 Hoardings
Hello
14:22 Feudal Age
15:50 Horse Collar
15:58 Double-Bit Axe
17:04 Gold Mining
20:35 Castle Age
19:58 Wheelbarrow
22:24 Scale Barding Armor
25:53 Bow Saw
26:25 Stone Mining
28:56 Hand Cart
29:44 Forging
30:45 Heavy Plow
31:01 Husbandry
32:37 Stone Shaft Mining
32:40 Bloodlines
32:23 Town Watch
32:24 Loom
33:48 Caravan
39:00 Imperial Age
37:39 Town Patrol
38:20 Ballistics
38:15 Masonry
38:13 Hill Forts
40:17 Conscription
41:16 Chemistry
40:20 Onager
41:33 Elite Skirmisher
41:36 Pikeman
42:18 Squires
42:03 Arson
42:25 Elite Leitis
47:41 Chain Barding Armor
47:57 Iron Casting
47:12 Fletching
46:55 Halberdier
49:08 Plate Barding Armor
56:12 Bodkin Arrow
72:29 Tower Shields
73:07 Hoardings
81:54 Bracer
81:55 Padded Archer Armor
81:56 Scale Mail Armor
< blank >
10:21 Feudal Age
10:46 Double-Bit Axe
10:42 Horse Collar
12:27 Stone Mining
15:03 Wheelbarrow
22:56 Scale Barding Armor
25:34 Castle Age
24:59 Gold Mining
27:18 Bow Saw
26:42 Pikeman
28:02 Hand Cart
28:24 Corvinian Army
30:13 Heavy Plow
34:23 Gold Shaft Mining
36:48 Loom
38:36 Chain Barding Armor
38:20 Scale Mail Armor
43:36 Imperial Age
44:05 Elite Magyar Huszar
45:07 Conscription
45:34 Crop Rotation
45:49 Plate Barding Armor
45:31 Chain Mail Armor
45:24 Murder Holes
46:43 Two-Man Saw
49:15 Halberdier
105:53 Husbandry
106:04 Bloodlines
Connection lost

Rejoining the realm…

Still unreachable

The connection could not be restored.

Session expired

The server has moved on; the page needs a fresh start.